Map: Abiogenesis LE

Players

sOs - Winner!

  • Race: Protoss Protoss
  • Spawn Location: 11:00

SpeCial

  • Race: Terran Terran
  • Spawn Location: 5:00

Event: IEM Season 12 - PyeongChang

VOD

Have the link to the VOD?

Description

Time

  • Played on: Feb. 6, 2018, 10:11 p.m.
  • Length: 10:54

All games in this series

Show
View Real Time Build Order
Export as new Build Order

sOs Protoss - Winner!

Build Orders: Colossus Rush 

Get SALT Encoding   

  12  0:00  Probe  
  13  0:12  Probe  
  14  0:18  Pylon  
  14  0:24  Probe  
  15  0:37  Probe (Chrono Boost)  
  15  0:42  Gateway  
  16  0:46  Probe (Chrono Boost)  
  17  0:50  Assimilator  
  17  0:51  Probe (Chrono Boost)  
  18  1:03  Probe  
  19  1:05  Assimilator  
  19  1:15  Probe  
  20  1:28  Probe  
  20  1:32  Cybernetics Core  
  21  1:38  Pylon  
  21  1:40  Probe  
  22  1:52  Probe  
  23  2:04  Probe  
  23  2:06  Stalker (Chrono Boost)  
  24  2:10  Warp Gate  
  24  2:13  Robotics Facility  
  26  2:29  Stalker  
  28  2:46  Nexus  
  28  3:00  Robotics Bay  
  28  3:05  Observer (Chrono Boost)  
  29  3:09  Pylon  
  29  3:17  Warp Prism (Chrono Boost)  
  31  3:27  Probe  
  31  3:30  Gateway  
  32  3:44  Probe  
  32  3:45  Disruptor  
  36  3:51  Gravitic Drive (Chrono Boost)  
  36  3:58  Probe  
  36  3:59  Probe  
  38  4:10  Probe  
  38  4:11  Probe  
  38  4:14  Observer  
  40  4:22  Observer  
  41  4:27  Probe x2 (Chrono Boost)  
  43  4:35  Pylon  
  42  4:40  Probe (Chrono Boost)  
  42  4:41  Colossus (Chrono Boost)  
  50  4:45  Probe (Chrono Boost)  
  50  4:57  Probe  
  50  4:58  Probe  
  52  5:02  Gateway  
  52  5:03  Pylon  
  52  5:04  Stalker  
  52  5:05  Stalker  
  54  5:09  Probe  
  54  5:10  Probe  
  56  5:21  Probe, Assimilator  
  56  5:22  Probe  
  56  5:23  Assimilator  
  58  5:35  Probe  
  59  5:39  Colossus (Chrono Boost)  
  65  5:45  Probe  
  65  5:47  Probe  
  65  5:48  Forge  
  67  5:50  Pylon  
  67  5:58  Probe  
  67  5:59  Probe  
  67  6:00  Pylon  
  69  6:15  Probe x2, Protoss Ground Weapons Level 1 (Chrono Boost)  
  71  6:26  Extended Thermal Lance  
  71  6:27  Observer  
  71  6:28  Gateway  
  71  6:30  Probe x2, Colossus (Chrono Boost)  
  79  6:34  Gateway  
  79  6:37  Sentry  
  81  6:41  Pylon  
  81  6:51  Zealot x2  
  85  7:03  Nexus  
  85  7:04  Zealot  
  87  7:09  Twilight Council  
  87  7:15  Immortal (Chrono Boost)  
  87  7:22  Sentry  
  93  7:25  Pylon  
  93  7:26  Gateway  
  93  7:35  Observer  
  93  7:39  Pylon  
  93  7:40  Charge (Chrono Boost)  
  93  7:50  Probe x2  
  95  7:52  Templar Archives  
  94  7:59  Observer  
  94  8:03  Stalker x3  
  94  8:04  Zealot, Stalker  
  105  8:18  Protoss Ground Armor Level 1 (Chrono Boost)  
  105  8:19  Probe  
  106  8:20  Probe x2  
  106  8:21  Immortal  
  106  8:24  Pylon  
  112  8:36  Probe  
  113  8:47  High Templar x2  
  113  8:48  Zealot x3  
  123  8:52  Gateway  
  123  8:53  Gateway  
  123  8:55  Archon  
  123  9:04  Pylon  
  123  9:10  Probe x2  
  123  9:15  Gateway  
  123  9:17  Pylon  
  125  9:18  Pylon  
  125  9:19  Probe  
  125  9:22  Immortal  
  125  9:24  Pylon  
  129  9:25  Pylon  
  129  9:27  Pylon, High Templar x2  
  133  9:37  Zealot x4  
  141  9:43  Probe x3  
  141  9:52  Assimilator  
  141  9:56  Assimilator  
  141  10:00  Zealot x3  
  141  10:01  Pylon, Archon  
  141  10:05  Zealot x3  
  143  10:17  Zealot x2  
  143  10:20  Immortal (Chrono Boost)  
  151  10:28  Zealot x5  
  151  10:33  Zealot  
  109  10:47  Stalker x3  
Show
View Real Time Build Order
Export as new Build Order

SpeCial Terran 

Build Orders: Liberator Opening, Reaper Expand, Bio Tank 

Get SALT Encoding   

  12  0:00  SCV  
  13  0:12  SCV  
  14  0:17  Supply Depot  
  14  0:24  SCV  
  15  0:39  SCV  
  16  0:43  Barracks  
  16  0:47  Refinery  
  16  0:51  SCV  
  17  1:03  SCV  
  18  1:15  SCV  
  19  1:31  Reaper, Orbital Command  
  20  1:44  Command Center  
  20  1:57  Supply Depot, SCV  
  21  2:02  Marine  
  22  2:09  SCV  
  23  2:18  Bunker  
  23  2:22  Marine, Factory  
  24  2:25  SCV  
  25  2:31  Refinery  
  24  2:37  SCV  
  24  2:40  Marine  
  26  2:49  SCV  
  27  2:58  Marine  
  28  3:01  SCV  
  28  3:04  Orbital Command  
  28  3:08  Starport  
  28  3:13  SCV  
  28  3:15  Cyclone  
  32  3:22  Barracks Reactor  
  32  3:25  SCV  
  33  3:29  Liberator  
  33  3:30  SCV  
  34  3:36  Supply Depot  
  34  3:37  SCV  
  35  3:43  SCV  
  39  3:49  SCV  
  39  3:51  Widow Mine  
  42  3:59  SCV  
  42  4:02  SCV  
  44  4:09  Supply Depot  
  43  4:11  SCV  
  43  4:13  Factory Tech Lab  
  44  4:18  SCV  
  44  4:21  Barracks  
  44  4:23  SCV  
  46  4:24  Barracks  
  46  4:25  Marine x2  
  46  4:30  Viking, SCV  
  51  4:34  Siege Tank  
  54  4:39  SCV  
  54  4:41  Supply Depot  
  54  4:42  SCV  
  56  4:47  Marine x2  
  56  4:51  SCV  
  57  4:54  SCV  
  57  5:03  Viking, SCV  
  57  5:04  Bunker  
  57  5:06  SCV  
  61  5:09  Siege Tank  
  64  5:15  SCV  
  64  5:18  SCV  
  64  5:20  Barracks Tech Lab  
  63  5:23  Marine x2  
  63  5:26  Barracks Tech Lab  
  63  5:27  SCV  
  66  5:30  SCV  
  67  5:39  SCV, Marine  
  67  5:40  Supply Depot, Marine  
  67  5:41  Stimpack  
  67  5:43  SCV  
  67  5:46  Refinery  
  67  5:47  Refinery  
  67  5:49  Marine  
  69  5:52  SCV  
  69  5:55  Starport Reactor, Engineering Bay  
  70  6:01  Marine  
  70  6:02  Marine x2  
  73  6:05  SCV x2  
  73  6:07  Marine  
  77  6:11  Siege Tank  
  77  6:23  SCV x2  
  77  6:24  Marine  
  78  6:28  Supply Depot, Terran Infantry Weapons Level 1  
  78  6:34  Missile Turret, Supply Depot  
  78  6:37  Marine, Barracks  
  78  6:38  Barracks  
  78  6:44  Missile Turret  
  78  6:45  Marine  
  78  6:50  Siege Tank, Marine x2  
  78  6:51  Supply Depot  
  59  6:54  Medivac  
  83  6:56  Medivac, Marauder  
  88  7:03  Combat Shields  
  88  7:08  Command Center, Marauder  
  89  7:13  SCV x2  
  91  7:16  Marine x2  
  91  7:21  Supply Depot  
  91  7:22  Supply Depot, Marauder  
  95  7:26  Siege Tank  
  95  7:29  Marauder  
  99  7:33  Medivac  
  99  7:35  Barracks Tech Lab  
  99  7:36  Barracks Tech Lab  
  101  7:45  Medivac  
  101  7:48  SCV  
  101  7:49  SCV  
  104  7:56  Missile Turret  
  104  8:01  Marine x4  
  104  8:02  Marauder  
  104  8:03  Marauder  
  111  8:07  Siege Tank  
  113  8:16  Medivac  
  113  8:18  Medivac  
  117  8:21  Marine  
  117  8:22  Supply Depot  
  117  8:24  Supply Depot, Marine x2  
  117  8:25  Marauder  
  122  8:27  SCV x2  
  122  8:33  Marine, Marauder  
  127  8:39  Marine  
  128  8:42  Marine, Marauder  
  128  8:45  SCV x2, Marine  
  134  8:50  Orbital Command  
  134  8:51  Marauder  
  134  8:54  Marine, Medivac  
  134  8:55  Medivac  
  141  8:57  SCV x2  
  141  9:00  Marine x2  
  145  9:05  Marauder x2  
  145  9:06  Missile Turret  
  149  9:12  SCV  
  149  9:15  SCV  
  151  9:20  SCV  
  151  9:22  Siege Tank  
  151  9:24  SCV, Marine  
  157  9:32  SCV  
  157  9:37  Marine x2, Marauder  
  157  9:38  Liberator  
  157  9:42  Marine  
  155  9:49  Marauder  
  157  9:55  Siege Tank, Marine  
  157  10:03  Marine  
  157  10:12  Marine x2, Marauder x2  
  157  10:14  Supply Depot  
  157  10:16  Supply Depot  
  157  10:26  Marine  
  157  10:29  Marine  
  157  10:30  Marauder x2  

Tags
 
Add a new tag
Caveats
  • Supply blocks, unpowered buildings, or Contaminate may cause inaccurate times.
  • Supply counts are checked every 10 seconds.